 Dungeon Sprint DCSS version 0.23.2-40-g277498a001 (webtiles) character file.

Game seed: 9017152012458619631

9103 Nivan the Brawler (level 11, -2/115 HPs)
             Began as a Troll Fighter on Sept 27, 2019.
             Was a Follower of Uskayaw.
             Slain by a 14-headed hydra (5 damage)
             ... in the Dungeon (Sprint I: "Red Sonja").
             The game lasted 00:16:55 (1560 turns).

Nivan the Brawler (Troll Fighter)                   Turns: 1560, Time: 00:16:56

Health: -2/115     AC:  8    Str: 31 (32) XL:     11   Next: 18%
Magic:  10/10      EV: 16    Int:  4      God:    Uskayaw [*.....]
Gold:   138        SH: 12    Dex: 12      Spells: 10/10 levels left

rFire    . . .     SeeInvis .     - Unarmed
rCold    . . .     Gourm    +   b - +0 shield
rNeg     . . .     Faith    .   a - +0 robe
rPois    .         Spirit   .   e - +2 hat {MR+}
rElec    .         Reflect  .   (no cloak)
rCorr    .         Harm     .   (gloves unavailable)
MR       +....     NoTele   +   (boots unavailable)
Stlth    +++.......             (no amulet)
HPRegen  0.69/turn              m - +4 ring of strength
MPRegen  0.12/turn              (no ring)

@: very slightly contaminated
A: large, unfitting armour, claws 3, agile 1, deterioration 1, fast metabolism
3, gourmand, regeneration 1, shaggy fur 1, tough skin 3
a: Stomp, Renounce Religion


You were in the Dungeon.
You worshipped Uskayaw.
Uskayaw was noncommittal.
You were full.

You visited 1 branch You collected 889 gold pieces.
You spent 751 gold pieces at shops.

Inventory:

Hand Weapons
 f - a +0 battleaxe
Armour
 a - a +0 robe (worn)
 b - a +0 shield (worn)
 e - a +2 hat of magic resistance (worn)
Jewellery
 m - a +4 ring of strength (left claw)
Scrolls
 j - a scroll of enchant weapon
 k - a scroll of fear {unknown}
Potions
 c - a potion of might
 g - a potion of haste
 h - 2 potions of magic
Comestibles
 d - 7 rations
 i - 3 chunks of flesh


   Skills:
 + Level 9.3 Fighting
 + Level 12.0 Dodging
 + Level 4.6 Stealth
 + Level 10.1 Shields
 + Level 16.0 Unarmed Combat


You had 10 spell levels left.
You didn't know any spells.
Your spell library was empty.

Dungeon Overview and Level Annotations

Branches:
Dungeon (1/1)

Altars:
Cheibriados
Dithmenos
Elyvilon
Fedhas
Gozag
Hepliaklqana
Kikubaaqudgha
Makhleb
Nemelex Xobeh
Okawaru
Qazlal
Ru
Sif Muna
Trog
Uskayaw
Vehumet
Wu Jian
Xom
Yredelemnul
Zin
The Shining One
Jiyva
Lugonu

Shops:
D :[(=?[(%:(%%:*:


Innate Abilities, Weirdness & Mutations

You are too large for most types of armour.
You have claws for hands.
Your metabolism is lightning-fast.
You like to eat raw meat.
Your natural rate of healing is unusually fast.
You are covered in fur. (AC +1)
You have extremely tough skin. (AC +3)
You are agile. (Dex +2)
Your body sometimes deteriorates upon taking damage.


Message History

You block the 14-headed hydra's attack. The 14-headed hydra bites you. x2
* * * LOW HITPOINT WARNING * * *
The 14-headed hydra bites you but does no damage.
The 14-headed hydra bites you!
* * * LOW HITPOINT WARNING * * *
Your body deteriorates!
You feel weakened. The 14-headed hydra closely misses you.
The 14-headed hydra misses you. You block the 14-headed hydra's attack.
The 14-headed hydra closely misses you. The 14-headed hydra bites you!
* * * LOW HITPOINT WARNING * * *
Blink to where?
Press: ? - help, Dir - move target cursor You are very lightly contaminated with residual magic.
As you read the scroll of blinking, it crumbles to dust.
The 14-headed hydra barely misses you. The 14-headed hydra bites you.
* * * LOW HITPOINT WARNING * * *
The 14-headed hydra bites you but does no damage. x2
You block the 14-headed hydra's attack. x2
The 14-headed hydra closely misses you. The 14-headed hydra bites you.
You die...

#############################
#__#..')..#)§#§D@.§§§§GD§DG$#
'..'..#)..##'#§####§§§§§##$.+
#__####..§'..#.# ##§§.## ##
####§.#####..'.# ###+#
#≈§§§.#..##+#### #.#
'§≈§..'..#... #..###$#
#§§§§§#.§#..^^ ##.#A#$#
##'#####'###.9° .###$# #.§.(#
#.'.#°°○# ##..$#


You could see a 14-headed hydra.

Vanquished Creatures
  2 centaur warriors (D)
  A deep troll (D)
  2 unseen horrors (D)
  A lindwurm (D)
  An oklob plant (D)
  4 demonic crawlers (D)
  2 kobold demonologists (D)
  A slime creature (D)
  A hornet (D)
  Sigmund (D)
  2 redbacks (D)
  A yak (D)
  13 hogs (D)
  3 floating eyes (D)
  An ogre (D)
  7 necrophages (D)
  8 jellies (D)
  Ijyb (D)
52 creatures vanquished.

Notes
Turn   | Place    | Note
-------+----------+-------------------------------------------
     0 | D        | Nivan the Troll Fighter began the quest for the Orb.
     0 | D        | Reached XP level 1. HP: 22/22 MP: 0/0
     2 | D        | Noticed Ijyb
    22 | D        | Killed Ijyb
    22 | D        | Reached XP level 2. HP: 31/31 MP: 1/1
    25 | D        | Noticed an ogre
    31 | D        | Killed an ogre
    31 | D        | Reached skill level 5 in Dodging
    31 | D        | Reached skill level 3 in Unarmed Combat
    31 | D        | Reached XP level 3. HP: 22/40 MP: 2/2
    31 | D        | Reached XP level 4. HP: 27/49 MP: 3/3
    70 | D        | Noticed Sigmund
    79 | D        | Killed Sigmund
    79 | D        | Reached skill level 5 in Fighting
    79 | D        | Reached skill level 5 in Shields
    79 | D        | Reached skill level 5 in Unarmed Combat
    79 | D        | Reached XP level 5. HP: 43/59 MP: 4/4
    79 | D        | Reached XP level 6. HP: 49/67 MP: 5/5
    93 | D        | Found an ornate altar of the Wu Jian Council.
    93 | D        | Found a deep blue altar of Sif Muna.
    95 | D        | Found a radiant altar of Vehumet.
   133 | D        | Found Tiulat's Book Emporium.
   133 | D        | Found an ancient bone altar of Kikubaaqudgha.
   133 | D        | Found a hazy altar of Hepliaklqana.
   133 | D        | Found a stormy altar of Qazlal.
   133 | D        | Found a hide-covered altar of Uskayaw.
   133 | D        | Found a blossoming altar of Fedhas.
   133 | D        | Found a bloodstained altar of Trog.
   133 | D        | Found an iron altar of Okawaru.
   133 | D        | Found a basalt altar of Yredelemnul.
   133 | D        | Found a glowing golden altar of the Shining One.
   133 | D        | Found a snail-covered altar of Cheibriados.
   133 | D        | Found a sacrificial altar of Ru.
   133 | D        | Found a glowing silver altar of Zin.
   133 | D        | Found a shadowy altar of Dithmenos.
   133 | D        | Found a white marble altar of Elyvilon.
   133 | D        | Noticed a yak
   134 | D        | Found an opulent altar of Gozag.
   136 | D        | Killed a yak
   136 | D        | Reached skill level 6 in Unarmed Combat
   137 | D        | Found a sparkling altar of Nemelex Xobeh.
   143 | D        | Became a worshipper of Uskayaw the Reveler
   157 | D        | Found a burning altar of Makhleb.
   157 | D        | Found a viscous altar of Jiyva.
   157 | D        | Found a shimmering altar of Xom.
   157 | D        | Found a corrupted altar of Lugonu.
   157 | D        | Noticed a slime creature
   160 | D        | Reached * piety under Uskayaw
   166 | D        | Reached ** piety under Uskayaw
   171 | D        | Killed a slime creature
   171 | D        | Reached skill level 7 in Unarmed Combat
   171 | D        | Reached XP level 7. HP: 21/76 MP: 2/6
   272 | D        | Noticed a kobold demonologist
   273 | D        | Noticed a kobold demonologist
   275 | D        | Paralysed by a floating eye for 4 turns
   280 | D        | Reached skill level 8 in Unarmed Combat
   283 | D        | Reached *** piety under Uskayaw
   284 | D        | Killed a kobold demonologist
   285 | D        | Killed a kobold demonologist
   285 | D        | Reached skill level 9 in Unarmed Combat
   285 | D        | Reached XP level 8. HP: 87/87 MP: 7/7
   285 | D        | Reached **** piety under Uskayaw
   304 | D        | Noticed a centaur warrior
   309 | D        | Noticed a centaur warrior
   319 | D        | Killed a centaur warrior
   319 | D        | Reached skill level 1 in Stealth
   319 | D        | Reached skill level 10 in Unarmed Combat
   324 | D        | Killed a centaur warrior
   324 | D        | Reached skill level 10 in Dodging
   324 | D        | Reached skill level 11 in Unarmed Combat
   324 | D        | Reached XP level 9. HP: 8/96 MP: 8/8
   324 | D        | Reached ***** piety under Uskayaw
   456 | D        | Paralysed by a hornet for 3 turns
   466 | D        | Reached skill level 12 in Unarmed Combat
   591 | D        | Noticed an oklob plant
   597 | D        | Killed an oklob plant
   677 | D        | Noticed a deep troll
   688 | D        | Killed a deep troll
   688 | D        | Reached skill level 13 in Unarmed Combat
   852 | D        | Reached XP level 10. HP: 106/106 MP: 9/9
   950 | D        | Killed an unseen horror
   954 | D        | Gained mutation: You are frail. (-10% HP) [potion of
                  | mutation]
   954 | D        | Gained mutation: You have sharp toenails. [potion of
                  | mutation]
   954 | D        | Gained mutation: Your mind is acute. (Int +2) [potion of
                  | mutation]
   956 | D        | Reached skill level 14 in Unarmed Combat
   957 | D        | Killed an unseen horror
  1108 | D        | Found Soiliden's Book Boutique.
  1108 | D        | Found Faghes's Book Emporium.
  1108 | D        | Found Luygoxzi's General Store.
  1110 | D        | Found Rofysk's Food Boutique.
  1110 | D        | Found Ofulese's Food Shoppe.
  1110 | D        | Found Naiclaoj's Weapon Shop.
  1110 | D        | Found Zeecw's Book Emporium.
  1110 | D        | Found Nigoushreus's Food Boutique.
  1110 | D        | Found Waakead's Weapon Shoppe.
  1110 | D        | Found Sizxom's Armour Shop.
  1115 | D        | Found Saalepp's Magic Scroll Emporium.
  1116 | D        | Found Qil Pem's Jewellery Boutique.
  1116 | D        | Found Pyluar's Antique Weapon Shoppe.
  1117 | D        | Found Qere's Antique Armour Shop.
  1204 | D        | Reached skill level 15 in Unarmed Combat
  1262 | D        | Noticed a gargoyle
  1279 | D        | Lost mutation: Your mind is acute. (Int +2) [potion of
                  | mutation]
  1279 | D        | Lost mutation: You are frail. (-10% HP) [potion of
                  | mutation]
  1279 | D        | Lost mutation: You have sharp toenails. [potion of
                  | mutation]
  1279 | D        | Gained mutation: Your body sometimes deteriorates upon
                  | taking damage. [potion of mutation]
  1279 | D        | Gained mutation: You are agile. (Dex +2) [potion of
                  | mutation]
  1289 | D        | Noticed a lindwurm
  1295 | D        | Killed a lindwurm
  1313 | D        | Reached XP level 11. HP: 92/115 MP: 10/10
  1321 | D        | Reached ****** piety under Uskayaw
  1326 | D        | Reached skill level 10 in Shields
  1332 | D        | Reached skill level 16 in Unarmed Combat
  1352 | D        | Noticed a daeva
  1359 | D        | Noticed a 12-headed hydra
  1452 | D        | Bought a ration for 65 gold pieces
  1452 | D        | Bought a ration for 65 gold pieces
  1452 | D        | Bought a ration for 65 gold pieces
  1452 | D        | Bought a ration for 65 gold pieces
  1469 | D        | Bought a scroll of enchant weapon for 97 gold pieces
  1469 | D        | Bought a scroll of blinking for 97 gold pieces
  1472 | D        | Bought a +4 ring of strength for 297 gold pieces
  1554 | D        | HP: 2/115 [14-headed hydra (16)]
  1560 | D        | HP: 3/115 [14-headed hydra (3)]
  1560 | D        | Slain by a 14-headed hydra

Skill      XL: |  1  2  3  4  5  6  7  8  9 10 11 |
---------------+----------------------------------+-----
Fighting       | 3 4 5 6 7 8 9 |  9.3
Dodging        | 3 5 6 8 9 10 11 12 | 12.0
Shields        | 3 4 5 6 7 8 9 10 | 10.1
Unarmed Combat | 3 5 7 9 11 13 15 16 | 16.0
Stealth        | 2 3 4 |  4.6

Action                   |  1- 3 |  4- 6 |  7- 9 | 10-12 || total
-------------------------+-------+-------+-------+-------++-------
Melee: Unarmed           |    23 |    26 |    48 |   101 ||   198
       Kick              |       |       |       |    19 ||    19
Invok: Stomp             |       |     1 |       |       ||     1
       Line Pass         |       |       |     1 |     2 ||     3
  Use: Potion            |       |       |     2 |     3 ||     5
       Scroll            |       |       |       |     2 ||     2
 Stab: Paralysed         |       |       |     3 |     3 ||     6
       Sleeping          |       |       |     1 |     1 ||     2
       Confused          |       |       |     1 |       ||     1
  Eat: Chunk             |       |     4 |     5 |     8 ||    17
Armor: Robe              |     2 |     4 |    11 |    29 ||    46
Dodge: Dodged            |    11 |     4 |    25 |    49 ||    89
Block: Shield            |     7 |     6 |    17 |    56 ||    86
